 Dungeon Crawl Stone Soup version 0.17-a0-1446-gc28613e (webtiles) character file.

203 Kidiri the Stinger (level 5, -3/35 HPs)
             Began as a Demonspawn Venom Mage on June 28, 2015.
             Killed by divine providence
             ... invoked by an orc priest
              (12 damage)
             ... on level 3 of the Dungeon.
             The game lasted 00:24:55 (3715 turns).

Kidiri the Stinger (Demonspawn Venom Mage)          Turns: 3715, Time: 00:24:55

Health: -3/35      AC:  6    Str:  9    XL:     5   Next: 51%
Magic:  3/10       EV: 12    Int: 19    God:
Gold:   73         SH:  0    Dex: 13    Spells: 4 memorised, 0 levels left

rFire  . . .     SeeInvis .     w - +0 rapier
rCold  . . .     Clarity  .     t - +0 leather armour
rNeg   . . .     SustAt   .     (no shield)
rPois  +         Gourm    .     j - +1 helmet
rElec  .         Spirit   .     (no cloak)
rCorr  .         Warding  .     (no gloves)
rMut   .         Stasis   .     (no boots)
MR     .....                    (no amulet)
Stlth  ++........               q - ring of poison resistance
                                h - +2 ring of intelligence

@: very slightly contaminated, not resistant to hostile enchantments, unstealthy
A: talons 1, icy blue scales 1, demonic guardian 1
a: no special abilities


You were on level 3 of the Dungeon.
You were not hungry.

You visited 1 branch of the dungeon, and saw 3 of its levels.

You collected 73 gold pieces.

Inventory:

Hand weapons
 d - a +0 whip
 e - a +0 club
 w - a +0 rapier (weapon)
Armour
 j - a +1 helmet (worn)
 t - a +0 leather armour (worn)
Jewellery
 h - a +2 ring of intelligence (left hand)
 q - a ring of poison resistance (right hand)
Scrolls
 u - a scroll of blinking
Potions
 i - a potion of lignification
 l - a potion of curing
 n - a potion of cancellation
 o - a potion of resistance
 r - a potion of degeneration {unknown}
 s - a potion of flight {unknown}
Books
 b - a Young Poisoner's Handbook

   Spells                             Type                      Level
   a - Sting                          Conjuration/Poison           1
   b - Cure Poison                    Poison                       2
   c - Mephitic Cloud                 Conjuration/Poison/Air       3
   d - Olgreb's Toxic Radiance        Poison                       4
   e - Venom Bolt                     Conjuration/Poison           5
 v - a book of Conjurations

   Spells                             Type                      Level
   a - Magic Dart                     Conjuration                  1
   b - Searing Ray                    Conjuration                  2
   c - Dazzling Spray                 Conjuration/Hexes            3
   d - Fulminant Prism                Conjuration/Hexes            4
   e - Iskenderun's Mystic Blast      Conjuration                  4
   f - Iskenderun's Battlesphere      Conjuration/Charms           5
Comestibles
 a - a chunk of flesh
 c - 4 bread rations
 f - 2 meat rations
 g - a beef jerky


   Skills:
 + Level 0.5 Armour
 + Level 2.5 Dodging
 * Level 3.1 Stealth
 * Level 3.3 Spellcasting
 + Level 0.8 Conjurations
 + Level 1.1 Air Magic
 + Level 4.4 Poison Magic


You couldn't memorise any spells.
You knew the following spells:

 Your Spells              Type           Power        Failure   Level  Hunger
a - Sting                 Conj/Pois      ##..         10%         1    None
b - Cure Poison           Pois           ###.......   6%          2    ##.....
c - Mephitic Cloud        Conj/Pois/Air  ##......     30%         3    ###....
d - Olgreb's Toxic Radia  Pois           ###.....     34%         4    ####...


Dungeon Overview and Level Annotations

Branches:
Dungeon (3/15)

Altars:


Innate Abilities, Weirdness & Mutations

You have sharp toenails.
You are partially covered in icy blue scales (AC +1).
A weak demonic guardian rushes to your aid.


Message History

Gang up on whom?
Press: ? - help, Dir - move target cursor, f/p - orc priest
Aim: an orc priest, wielding a club and wearing a scale mail Attack!
Your crimson imp blinks!
The orc priest barely misses the orc.
The orc priest mumbles some strange prayers to Beogh against you.
Something smites you!
* * * LOW HITPOINT WARNING * * *
The orc priest mumbles some strange prayers to Beogh.
You feel troubled.
An orc comes into view. It is wielding a mace.
Your crimson imp disappears in a puff of smoke!
You feel a bit more experienced.
Some of the chunks of flesh in your inventory have rotted away.
Your white imp gestures at the orc priest.
The puff of frost hits the orc priest.
The orc priest mumbles some strange prayers to Beogh against you.
Something smites you!
You die...

###### ####.#####............#
......## #..................#
#####.b..######.#..............#
#### #................<...#.##
#..## ####>....#...........###
....######..####...........##
......รท5...## #...........##
#..############.##.....######
................@##.........#
#############.....#.........#
(...### ####..###..5........#
.##...# #.....# ##..........# .#
#.# #...[.# ##.........#
.####.###.....# #.........#
.)............# #...o.....#
.....#.##.....# #####o...##
####...##.....# #.....#


You could see an orc priest, an orc and a friendly white imp.

Vanquished Creatures
  An iguana (D:3)
  Natasha (twice) (D:3)
  7 adders
  An ooze (D:2)
  2 worms
  2 giant geckos (D:3)
  3 orcs (D:3)
  6 giant cockroaches
  9 goblins
  9 hobgoblins
  9 kobolds
  3 ball pythons
  11 bats
  2 giant newts
  4 jackals
  8 rats
79 creatures vanquished.

Vanquished Creatures (collateral kills)
  A hobgoblin (D:3)
1 creature vanquished.

Grand Total: 80 creatures vanquished

Notes
Turn   | Place    | Note
--------------------------------------------------------------
     0 | D:1      | Kidiri the Demonspawn Venom Mage began the quest for the Orb.
     0 | D:1      | Reached XP level 1. HP: 13/13 MP: 3/3
   320 | D:1      | Gained mutation: You are partially covered in icy blue scales (AC +1). [demonic ancestry]
   320 | D:1      | Reached XP level 2. HP: 13/19 MP: 1/5
   324 | D:1      | Learned a level 2 spell: Cure Poison
  1126 | D:1      | Gained mutation: You have sharp toenails. [demonic ancestry]
  1126 | D:1      | Reached XP level 3. HP: 24/24 MP: 4/6
  1131 | D:1      | Learned a level 3 spell: Mephitic Cloud
  1944 | D:2      | Reached XP level 4. HP: 30/30 MP: 4/8
  2779 | D:3      | Noticed Natasha
  2981 | D:3      | Killed Natasha
  3042 | D:3      | Gained mutation: A weak demonic guardian rushes to your aid. [demonic ancestry]
  3042 | D:3      | Reached XP level 5. HP: 33/35 MP: 5/9
  3057 | D:2      | Learned a level 4 spell: Olgreb's Toxic Radiance
  3212 | D:3      | Noticed Natasha
  3232 | D:3      | Reached skill level 1 in Air Magic
  3363 | D:3      | Killed Natasha
  3715 | D:3      | Killed from afar by an orc priest

Vault maps used:
D:1:      evilmike_arrival_run_for_it, minivault_27
D:2:      st_stairs_12
D:3:      zin_statuary, minmay_cupped, uniq_natasha

Action                   |  1- 3 |  4- 6 || total
-------------------------+-------+-------++-------
Melee: Club              |    57 |       ||    57
       Unarmed           |     8 |    13 ||    21
       Whip              |     4 |    28 ||    32
       Rapier            |       |     8 ||     8
 Cast: Sting             |    73 |    73 ||   146
       Mephitic Cloud    |       |     2 ||     2
  Use: Scroll            |     8 |     4 ||    12
       Potion            |     1 |       ||     1
 Stab: Sleeping          |     1 |     1 ||     2
  Eat: Pizza             |     1 |       ||     1
       Chunk             |     1 |     2 ||     3
       Meat ration       |     1 |       ||     1
